NCAA
SAINT JOHN'S RED STORM @ KENTUCKY WILDCATS
05/13/2024
 
TOP OF THE 1ST
Saint John's Red Storm batting - Pitching for Kentucky Wildcats : LHP Sloan Sanders
Pitching: LHP Sloan Sanders
Batting: LHB John Cook 0-0: Called Strike
0-1: Ball
1-1: Called Strike
1-2: Strikes out swinging
Batting: RHB Duane Grounds 0-0: Ball
1-0: Called Strike
1-1: SINGLE (Groundball, 56D)
Batting: LHB Chris Austin 0-0: Foul Ball, location: 2F
0-1: Ball
1-1: Ball
2-1: Ball
3-1: Foul Ball, location: 2F
3-2: Foul Ball, location: 2F
3-2: Strikes out looking
Batting: LHB António Velásquez 0-0: Called Strike
0-1: Called Strike
0-2: Ball
1-2: Strikes out looking
Top of the 1st over - 0 run(s), 1 hit(s), 0 error(s), 1 left on base; Saint John's 0 - Kentucky 0
BOTTOM OF THE 1ST
Kentucky Wildcats batting - Pitching for Saint John's Red Storm : RHP Robinson Ramírez
Pitching: RHP Robinson Ramírez
Batting: RHB Ricky White 0-0: Ground out 1-3 (Groundball, 15S)
Batting: SHB Matt Wells 0-0: SINGLE (Line Drive, 34D)
Batting: RHB Phil McJannett 0-0: Ground out 3-1 (Groundball, 34)
Matt Wells to second
Batting: RHB Jerry Gentry 0-0: Called Strike
0-1: Ball
1-1: Ball
2-1: Foul Ball, location: 2F
2-2: Foul Ball, location: 2F
2-2: Fly out, F9 (Flyball, 89M)
Bottom of the 1st over - 0 run(s), 1 hit(s), 0 error(s), 1 left on base; Saint John's 0 - Kentucky 0
TOP OF THE 2ND
Saint John's Red Storm batting - Pitching for Kentucky Wildcats : LHP Sloan Sanders
Batting: RHB Bob Mueller 0-0: Ball
1-0: Called Strike
1-1: Ball
2-1: Foul Ball, location: 2F
2-2: Ball
3-2: Ground out 5-3 (Groundball, 5S)
Batting: LHB David Lee 0-0: Ball
1-0: Swinging Strike
1-1: Foul Ball, location: 2F
1-2: Strikes out swinging
Batting: RHB Ed Merritt 0-0: Ball
1-0: Swinging Strike
1-1: DOUBLE (Line Drive, 78S)
Batting: SHB Jim Ramsey 0-0: Ball
Wild Pitch!
Ed Merritt to third
1-0: Ball
2-0: SINGLE (Flyball, 7LS)
Ed Merritt scores
Batting: RHB Miguel Hernández 0-0: Ball
1-0: Ball
2-0: Ball
3-0: Called Strike
3-1: Base on Balls
Jim Ramsey to second
Batting: LHB John Cook 0-0: Ball
1-0: Fly out, F2 (Popup, 2LF)
Top of the 2nd over - 1 run(s), 2 hit(s), 0 error(s), 2 left on base; Saint John's 1 - Kentucky 0
BOTTOM OF THE 2ND
Kentucky Wildcats batting - Pitching for Saint John's Red Storm : RHP Robinson Ramírez
Batting: LHB John Hudson 0-0: Ball
1-0: Foul Ball, location: 2F
1-1: Fly out, F8 (Flyball, 8RM)
Batting: LHB Carlos Romero 0-0: Swinging Strike
0-1: Ball
1-1: Called Strike
1-2: Ground out U3 (Groundball, 3L)
Batting: RHB Chris Rice 0-0: Called Strike
0-1: DOUBLE (Line Drive, 8RXD)
Batting: RHB Francisco Solgato 0-0: Called Strike
0-1: Ball
1-1: Called Strike
1-2: Ball
2-2: Strikes out swinging
Bottom of the 2nd over - 0 run(s), 1 hit(s), 0 error(s), 1 left on base; Saint John's 1 - Kentucky 0
TOP OF THE 3RD
Saint John's Red Storm batting - Pitching for Kentucky Wildcats : LHP Sloan Sanders
Batting: RHB Duane Grounds 0-0: Ball
1-0: Ball
2-0: Fly out, F9 (Flyball, 9LM)
Batting: LHB Chris Austin 0-0: Ball
1-0: Foul Ball, location: 2F
1-1: Ground out 4-3 (Groundball, 4)
Batting: LHB António Velásquez 0-0: Called Strike
0-1: Ball
1-1: Foul Ball, location: 2F
1-2: Strikes out swinging
Top of the 3rd over - 0 run(s), 0 hit(s), 0 error(s), 0 left on base; Saint John's 1 - Kentucky 0
BOTTOM OF THE 3RD
Kentucky Wildcats batting - Pitching for Saint John's Red Storm : RHP Robinson Ramírez
Batting: RHB Eddie Higgins 0-0: Ground out 6-3 (Groundball, 6S)
Batting: RHB Ricky White 0-0: Called Strike
0-1: Ball
1-1: Foul Ball, location: 2F
1-2: Foul Ball, location: 2F
1-2: Ball
2-2: Foul Ball, location: 2F
2-2: Ball
3-2: Foul Ball, location: 2F
3-2: Base on Balls
Batting: SHB Matt Wells 0-0: Fly out, F7 (Flyball, 7M)
Batting: RHB Phil McJannett 0-0: Ball
1-0: Ball
2-0: Ball
3-0: Base on Balls
Ricky White to second
Batting: RHB Jerry Gentry 0-0: SINGLE (Line Drive, 89S)
Ricky White to third
Phil McJannett to second
Runner from 3rd tries for Home, SAFE, no throw or cutoff
Batting: LHB John Hudson 0-0: Swinging Strike
0-1: Ground out U3 (Groundball, 3S)
Bottom of the 3rd over - 1 run(s), 1 hit(s), 0 error(s), 2 left on base; Saint John's 1 - Kentucky 1
TOP OF THE 4TH
Saint John's Red Storm batting - Pitching for Kentucky Wildcats : LHP Sloan Sanders
Batting: RHB Bob Mueller 0-0: Ball
1-0: Swinging Strike
1-1: Foul Ball, location: 2F
1-2: Ball
2-2: Foul Ball, location: 2F
2-2: Strikes out swinging
Batting: LHB David Lee 0-0: Called Strike
0-1: Swinging Strike
0-2: Strikes out looking
Batting: RHB Ed Merritt 0-0: Called Strike
0-1: Ball
1-1: Ball
2-1: Called Strike
2-2: Strikes out swinging
Top of the 4th over - 0 run(s), 0 hit(s), 0 error(s), 0 left on base; Saint John's 1 - Kentucky 1
BOTTOM OF THE 4TH
Kentucky Wildcats batting - Pitching for Saint John's Red Storm : RHP Robinson Ramírez
Batting: LHB Carlos Romero 0-0: Called Strike
0-1: Swinging Strike
0-2: Ball
1-2: Strikes out looking
Batting: RHB Chris Rice 0-0: Ground out 4-3 (Groundball, 4M)
Batting: RHB Francisco Solgato 0-0: Called Strike
0-1: Ground out 6-3 (Groundball, 6)
Bottom of the 4th over - 0 run(s), 0 hit(s), 0 error(s), 0 left on base; Saint John's 1 - Kentucky 1
TOP OF THE 5TH
Saint John's Red Storm batting - Pitching for Kentucky Wildcats : LHP Sloan Sanders
Batting: SHB Jim Ramsey 0-0: Ball
1-0: Ball
2-0: Ball
3-0: Hit by Pitch
Batting: RHB Miguel Hernández 0-0: Ball
1-0: SINGLE (Line Drive, 4MD)
Jim Ramsey to second
Batting: LHB John Cook 0-0: Ball
1-0: 3-RUN HOME RUN (Flyball, 8RXD), Distance : 404 ft
Batting: RHB Duane Grounds 0-0: Ball
1-0: Swinging Strike
1-1: Ball
2-1: Foul Ball, location: 2F
2-2: Strikes out swinging
Batting: LHB Chris Austin 0-0: Called Strike
0-1: Foul Ball, location: 2F
0-2: Strikes out swinging
Batting: LHB António Velásquez 0-0: Ball
1-0: Foul Ball, location: 2F
1-1: Foul Ball, location: 2F
1-2: Foul Ball, location: 2F
1-2: Ball
2-2: Foul Ball, location: 2F
2-2: Foul Ball, location: 2F
2-2: Foul Ball, location: 2F
2-2: Ball
3-2: Strikes out swinging
Top of the 5th over - 3 run(s), 2 hit(s), 0 error(s), 0 left on base; Saint John's 4 - Kentucky 1
BOTTOM OF THE 5TH
Kentucky Wildcats batting - Pitching for Saint John's Red Storm : RHP Robinson Ramírez
Batting: RHB Eddie Higgins 0-0: Ball
1-0: Foul Ball, location: 2F
1-1: Swinging Strike
1-2: Strikes out swinging
Batting: RHB Ricky White 0-0: Ball
1-0: SINGLE (Groundball, 6MD)
Batting: SHB Matt Wells 0-0: Ball
1-0: Ball
2-0: 2-RUN HOME RUN (Flyball, 9D), Distance : 361 ft
Batting: RHB Phil McJannett 0-0: Called Strike
0-1: Called Strike
0-2: Strikes out swinging
Batting: RHB Jerry Gentry 0-0: Called Strike
0-1: Foul Ball, location: 2F
0-2: Strikes out swinging
Bottom of the 5th over - 2 run(s), 2 hit(s), 0 error(s), 0 left on base; Saint John's 4 - Kentucky 3
TOP OF THE 6TH
Saint John's Red Storm batting - Pitching for Kentucky Wildcats : LHP Sloan Sanders
Pitching: RHP Sean Martínez
Batting: RHB Bob Mueller 0-0: Ball
1-0: Called Strike
1-1: Ground out 5-3 (Groundball, 56S)
Batting: LHB David Lee 0-0: Ball
1-0: Foul Ball, location: 2F
1-1: Ball
2-1: Called Strike
2-2: Ball
3-2: Foul Ball, location: 2F
3-2: Strikes out looking
Batting: RHB Ed Merritt 0-0: Foul Ball, location: 2F
0-1: Ground out 6-3 (Groundball, 6)
Top of the 6th over - 0 run(s), 0 hit(s), 0 error(s), 0 left on base; Saint John's 4 - Kentucky 3
BOTTOM OF THE 6TH
Kentucky Wildcats batting - Pitching for Saint John's Red Storm : RHP Robinson Ramírez
Batting: LHB John Hudson 0-0: Swinging Strike
0-1: Called Strike
0-2: Foul Ball, location: 2F
0-2: Ball
1-2: Strikes out looking
Batting: LHB Carlos Romero 0-0: Called Strike
0-1: Ball
1-1: Ball
2-1: Ball
3-1: Swinging Strike
3-2: Strikes out swinging
Batting: RHB Chris Rice 0-0: Foul Ball, location: 2F
0-1: Foul Ball, location: 2F
0-2: Foul Ball, location: 2F
0-2: Strikes out swinging, 2-3 out at first.
Bottom of the 6th over - 0 run(s), 0 hit(s), 0 error(s), 0 left on base; Saint John's 4 - Kentucky 3
TOP OF THE 7TH
Saint John's Red Storm batting - Pitching for Kentucky Wildcats : RHP Sean Martínez
Batting: SHB Jim Ramsey 0-0: Called Strike
0-1: Swinging Strike
0-2: Strikes out looking
Batting: RHB Miguel Hernández 0-0: Called Strike
0-1: Ball
1-1: Ball
2-1: Ball
3-1: Base on Balls
Batting: LHB John Cook 0-0: Ball
1-0: Ball
2-0: Called Strike
2-1: Called Strike
2-2: Ball
3-2: Foul Ball, location: 2F
3-2: Foul Ball, location: 2F
3-2: Base on Balls
Miguel Hernández to second
Batting: RHB Duane Grounds 0-0: Called Strike
0-1: Ball
1-1: Foul Ball, location: 2F
1-2: Ball
2-2: Strikes out swinging
Batting: LHB Chris Austin 0-0: Called Strike
0-1: Called Strike
0-2: Ball
1-2: Ball
2-2: Strikes out looking
Top of the 7th over - 0 run(s), 0 hit(s), 0 error(s), 2 left on base; Saint John's 4 - Kentucky 3
BOTTOM OF THE 7TH
Kentucky Wildcats batting - Pitching for Saint John's Red Storm : RHP Robinson Ramírez
Batting: RHB Francisco Solgato 0-0: Ball
1-0: Ball
2-0: SINGLE (Line Drive, 9LS)
Pitching: RHP Rob Larson
Batting: RHB Eddie Higgins 0-0: Grounds into double play, 6-4-3 (Groundball, 6)
Batting: RHB Ricky White 0-0: Called Strike
0-1: Reached on Error, E7 (Flyball, 78S)
Batting: SHB Matt Wells 0-0: Fly out, F9 (Flyball, 9M)
Bottom of the 7th over - 0 run(s), 1 hit(s), 1 error(s), 1 left on base; Saint John's 4 - Kentucky 3
TOP OF THE 8TH
Saint John's Red Storm batting - Pitching for Kentucky Wildcats : RHP Sean Martínez
Pitching: LHP Bill Sutton
Batting: LHB António Velásquez 0-0: Ball
1-0: Ball
2-0: Called Strike
2-1: Ground out 6-3 (Groundball, 6)
Batting: RHB Bob Mueller 0-0: Ball
1-0: Called Strike
1-1: Foul Ball, location: 2F
1-2: Strikes out swinging
Batting: LHB David Lee 0-0: Called Strike
0-1: Fly out, F9 (Flyball, 89S)
Top of the 8th over - 0 run(s), 0 hit(s), 0 error(s), 0 left on base; Saint John's 4 - Kentucky 3
BOTTOM OF THE 8TH
Kentucky Wildcats batting - Pitching for Saint John's Red Storm : RHP Rob Larson
Pitching: RHP Juan García
Now at C: Jack Kavanaugh
Now in RF: Frank Kennedy
Batting: RHB Phil McJannett 0-0: Swinging Strike
0-1: Foul Ball, location: 2F
0-2: Strikes out swinging
Batting: RHB Jerry Gentry 0-0: Called Strike
0-1: Ball
1-1: Ball
2-1: Foul Ball, location: 2F
2-2: SINGLE (Groundball, 6D)
Batting: LHB John Hudson 0-0: Ball
1-0: Called Strike
1-1: Ball
2-1: Ball
Wild Pitch!
Jerry Gentry to second
3-1: Foul Ball, location: 2F
3-2: Fly out, F6 (Popup, 6S)
Batting: LHB Carlos Romero 0-0: Foul Ball, location: 2F
0-1: Foul Ball, location: 2F
0-2: Ground out 1-3 (Groundball, 13)
Bottom of the 8th over - 0 run(s), 1 hit(s), 0 error(s), 1 left on base; Saint John's 4 - Kentucky 3
TOP OF THE 9TH
Saint John's Red Storm batting - Pitching for Kentucky Wildcats : LHP Bill Sutton
Batting: RHB Ed Merritt 0-0: Called Strike
0-1: Called Strike
0-2: SINGLE (Line Drive, 89S)
Batting: SHB Jim Ramsey 0-0: Bunted foul
0-1: Sac Bunt - play at first, batter OUT! 5-4
Ed Merritt to second
Batting: RHB Miguel Hernández 0-0: Intentional Walk
Batting: LHB John Cook 0-0: Ball
1-0: Grounds into double play, 4-6-3 (Groundball, 4)
Top of the 9th over - 0 run(s), 1 hit(s), 0 error(s), 1 left on base; Saint John's 4 - Kentucky 3
BOTTOM OF THE 9TH
Kentucky Wildcats batting - Pitching for Saint John's Red Storm : RHP Juan García
Pitching: RHP Dan Snyder
Batting: RHB Chris Rice 0-0: Called Strike
0-1: SINGLE (Groundball, 56D)
Batting: RHB Francisco Solgato 0-0: Bunted foul
0-1: Sac Bunt - play at first, batter OUT! 1-4
Chris Rice to second
Batting: RHB Eddie Higgins 0-0: Ground out 6-3 (Groundball, 6)
Batting: RHB Ricky White 0-0: Foul Ball, location: 2F
0-1: Ball
1-1: Ball
2-1: Called Strike
2-2: SINGLE (Groundball, 56D)
Chris Rice to third
Runner from 3rd tries for Home, SAFE, no throw or cutoff
Batting: SHB Matt Wells 0-0: Ball
1-0: Called Strike
1-1: Ball
2-1: Foul Ball, location: 2F
2-2: Ground out 4-3 (Groundball, 4)
Bottom of the 9th over - 1 run(s), 2 hit(s), 0 error(s), 1 left on base; Saint John's 4 - Kentucky 4
TOP OF THE 10TH
Saint John's Red Storm batting - Pitching for Kentucky Wildcats : LHP Bill Sutton
Pitching: RHP Philip Spence
Batting: RHB Duane Grounds 0-0: Called Strike
0-1: Called Strike
0-2: Strikes out swinging
Batting: LHB Chris Austin 0-0: Swinging Strike
0-1: Foul Ball, location: 2F
0-2: SINGLE (Flyball, 89S)
Batting: LHB António Velásquez Pickoff Throw to First - Out!
0-0: SINGLE (Groundball, 34D) (infield hit)
Batting: SHB Jack Kavanaugh 0-0: Ball
1-0: Ball
2-0: Foul Ball, location: 2F
2-1: Foul Ball, location: 2F
2-2: Fly out, F7 (Line Drive, 7LM)
Top of the 10th over - 0 run(s), 2 hit(s), 0 error(s), 1 left on base; Saint John's 4 - Kentucky 4
BOTTOM OF THE 10TH
Kentucky Wildcats batting - Pitching for Saint John's Red Storm : RHP Dan Snyder
Batting: RHB Phil McJannett 0-0: Ball
1-0: Ground out 4-3 (Groundball, 4M)
Batting: RHB Jerry Gentry 0-0: Called Strike
0-1: Ball
1-1: SINGLE (Flyball, 3D)
Batting: LHB John Hudson 0-0: Ball
1-0: Ball
2-0: Ball
3-0: 2-RUN HOME RUN (Flyball, 89XD), Distance : 376 ft
This league is powered by Out of the Park Baseball, the baseball management simulation game for PC, Mac and Linux
Saturday, April 9th, 2016 - OOTP Baseball 16.8 Build 38